 Dungeon Crawl Stone Soup version 0.28.0 (webtiles) character file.

Game seed: 17384857988814703059

86 AmazingTV the Sneak (level 4, -2/22 HPs)
             Began as a Spriggan Brigand on June 26, 2022.
             Killed from afar by a white imp (6 damage)
             ... with a puff of frost
             ... summoned by Natasha
             ... on level 3 of the Dungeon.
             The game lasted 00:06:40 (2465 turns).

AmazingTV the Sneak (Spriggan Brigand)              Turns: 2465, Time: 00:06:41

Health: -2/22      AC:  4    Str:  7    XL:     4   Next: 27%
Magic:  5/5        EV: 16    Int: 12    God:
Gold:   65         SH:  0    Dex: 18    Spells: 3/3 levels left

rFire   . . .      SeeInvis +   a - +2 dagger
rCold   . . .      Faith    .   (no shield)
rNeg    . . .      Spirit   .   b - +0 robe
rPois   .          Reflect  .   l - +1 hat
rElec   .          Harm     .   c - +0 cloak
rCorr   .          Rampage  .   (gloves unavailable)
Will    .....                   (boots unavailable)
Stlth   ++++......              (no amulet)
HPRegen 0.07/turn               (no ring)
MPRegen 0.09/turn               (no ring)

@: very quick
A: very small, no large weapons, unfitting armour, see invisible, speed 3
a: no special abilities


You were on level 3 of the Dungeon.
You visited 1 branch of the dungeon, and saw 3 of its levels.

You collected 65 gold pieces.

Inventory:

Hand Weapons
 a - a +2 dagger (weapon)
Missiles
 d - 8 poisoned darts (quivered)
 e - 2 curare-tipped darts
 j - 26 arrows
 k - 74 stones
 o - 14 sling bullets
Armour
 b - a +0 robe (worn)
 c - a +0 cloak (worn)
 l - a +1 hat (worn)
Scrolls
 f - 2 scrolls of fog {unknown}
 h - a scroll of magic mapping {unknown}
 i - 2 scrolls of identify {unknown}
 m - 2 scrolls of teleportation {unknown}
 q - a scroll of blinking {unknown}
 r - a scroll of enchant armour {unknown}
Potions
 g - a potion of heal wounds {unknown}
 n - a potion of magic {unknown}
 p - a potion of mutation {unknown}


   Skills:
 - Level 1.5 Fighting
 + Level 3.3 Short Blades
 + Level 3.0 Throwing
 - Level 1.3 Dodging
 + Level 7.0 Stealth


You had 3 spell levels left.
You didn't know any spells.
Your spell library contained the following spells:

 Spells                   Type           Power      Damage    Failure   Level
 Conjure Ball Lightning   Conj/Air       0%         3x3d6     100%        6
 Discord                  Hex            0%         N/A       100%        8
 Disjunction              Tloc           0%         N/A       100%        8


Dungeon Overview and Level Annotations

Branches:
Dungeon (3/15)

Altars:
Wu Jian

Shops:
D:2 (

Annotations:
D:3 Natasha


Innate Abilities, Weirdness & Mutations

You are very small and have problems with some larger weapons.
You are too small for most types of armour.
You have supernaturally acute eyesight. (SInv)
You cover ground extremely quickly. (Speed+++)


Message History

You hit the rat.
You kill the rat!
Natasha is nearby!
Natasha hisses angrily.
You hit Natasha.
Natasha is lightly wounded.
Natasha drinks a potion.
Natasha seems to speed up.
You hit Natasha.
Natasha is moderately wounded.
Natasha barely misses you.
You hit Natasha.
Natasha is heavily wounded.
Natasha closely misses you.
You miss Natasha.
Natasha is heavily wounded.
Natasha casts a spell.
Natasha barely misses you.
You hit Natasha.
Natasha is heavily wounded.
Natasha stares at you and mumbles some strange words.
The magic dart hits you.
You throw a poisoned dart. The poisoned dart hits Natasha!
Natasha is poisoned.
Natasha is heavily wounded.
Natasha claws you but does no damage. The white imp gestures at you.
The puff of frost hits you!
You hit Natasha.
Natasha is severely wounded.
Natasha claws you.
* * * LOW HITPOINT WARNING * * *
Natasha barely misses you.
Natasha casts a spell.
Natasha howls an incantation.
Natasha shimmers violently.
The crimson imp blinks!
The white imp barely misses you.
Natasha mumbles some strange words.
The white imp puffs mist at you. The white imp gestures at you.
The puff of frost hits you.
You die...

#......##'####.........
#...........##......... ....
#...........''.........
......#...........##.........
+........'...........''.........
#........#...........##.........
#..............(.###†##.........
#................###.##.........
#............<.@..##.##...)###.#
#[..........#####.#..(.....# .#
#...........# #.5§.##....###+#
#......†....# ###5..##.##†÷.'_#
###....##...+ ..#...##. #.###'#
#....##...####.##..### #.# #.#
#....##...+..#.....### #.###.#
#....##...##.........# #......
#....##..............+ #.<...#


You could see a white imp (summoned).

Vanquished Creatures
  Natasha (D:3)
  An adder (D:3)
  A worm (D:3)
  A dart slug (D:3)
  An orc (D:3)
  3 ball pythons
  4 bats
  2 endoplasms
  4 giant cockroaches
  3 goblins
  7 hobgoblins
  6 jackals
  3 kobolds
  4 frilled lizards
  4 rats
45 creatures vanquished.

Notes
Turn   | Place    | Note
-------+----------+-------------------------------------------
     0 | D:1      | AmazingTV the Spriggan Brigand began the quest for the Orb.
     0 | D:1      | Reached XP level 1. HP: 10/10 MP: 2/2
   349 | D:1      | Reached skill level 6 in Stealth
   433 | D:1      | Reached XP level 2. HP: 14/14 MP: 3/3
   766 | D:1      | Found a faded altar of an unknown god.
  1172 | D:2      | Found Pahurr's Antique Weapon Shoppe.
  1448 | D:2      | Reached XP level 3. HP: 18/18 MP: 4/4
  1862 | D:3      | Noticed Natasha
  1892 | D:3      | Killed Natasha
  2039 | D:3      | Reached XP level 4. HP: 21/22 MP: 5/5
  2287 | D:3      | Noticed Natasha
  2360 | D:3      | Found an ornate altar of the Wu Jian Council.
  2434 | D:3      | Reached skill level 7 in Stealth
  2465 | D:3      | Killed from afar by a white imp

Illustrated notes

Levels and vault maps discovered:
D:1:      lemuel_arrival_hallway, layout_loops_ring,
          shapermc_ecumenical_altar_notcrosses
D:2:      layout_loops_ring, serial_shops, nicolae_shop_waterfront
D:3:      layout_basic, lemuel_doored_altar, nicolae_overflow_hidden_temple,
          uniq_ijyb, uniq_natasha

Skill      XL: |  1  2  3  4 |
---------------+-------------+-----
Stealth        | 6 7 |  7.0
Short Blades   | 3 |  3.3
Throwing       | 3 |  3.0
Fighting       | |  1.5
Dodging        | |  1.3

Action                   |  1- 3 |  4- 6 || total
-------------------------+-------+-------++-------
Melee: Dagger            |   128 |    38 ||   166
Throw: Dart              |     3 |     9 ||    12
 Stab: Sleeping          |    15 |       ||    15
Armor: Robe              |    15 |     8 ||    23
Dodge: Dodged            |    75 |    32 ||   107
